 Dungeon Sprint DCSS version 0.31-a0-662-g684573625c (webtiles) character file.

Game seed: 13308708387221129794

851 sircluck the Grappler (level 8, -7/62 HPs)
             Began as an Octopode Shapeshifter on Sept 1, 2023.
             Was a Believer of Okawaru.
             Mangled by a red ugly thing (21 damage)
             ... in the Dungeon (Sprint IX: "|||||||||||||||||||||||||||||").
             The game lasted 00:02:08 (286 turns).

sircluck the Grappler (Octopode Shapeshifter)        Turns: 286, Time: 00:02:08

Health: -7/62      AC:  3    Str: 15    XL:     8   Next: 1%
Magic:  8/8        EV: 17    Int: 12    God:    Okawaru [**....]
Gold:   0          SH:  0    Dex: 15    Spells: 7/7 levels left

rFire   . .          .
                       - Unarmed
rCold   . . .        (shield currently unavailable)
rNeg    . . .        (helmet restricted)
rPois   .            (no amulet)
rElec   .            m - +2 ring of protection
rCorr   .            n - +3 ring of dexterity
SInv    .            (no ring)
Will    .....        (no ring)
Stlth   +            (no ring)
HPRegen 0.30/turn    (no ring)
MPRegen 0.11/turn    (no ring)
                     (no ring)

%: no teleportation
@: flux-form, glowing
A: glow, contaminating, almost no armour, amphibious, 8 rings, camouflage 1,
gelatinous body 1, (nimble swimmer 1), tentacles
a: Begin Untransformation, Renounce Religion, Heroism


You were in the Dungeon.
You worshipped Okawaru.
Okawaru was pleased with you.
You were something dangerously unstable.
You visited 1 branch

Inventory:

Jewellery
 m - a +2 ring of protection (left tentacle)
 n - a +3 ring of dexterity (right tentacle)
Talismans
 b - a beast talisman
 c - a flux talisman (active)
Wands
 l - a wand of roots (10)
Scrolls
 i - 2 scrolls of blinking
 k - 2 scrolls of amnesia
Potions
 a - a potion of lignification
 d - 5 potions of curing
 e - 3 potions of heal wounds
 f - a potion of haste
 g - 4 potions of magic
 j - a potion of invisibility


   Skills:
 + Level 8.6 Fighting
 + Level 8.8 Dodging
 + Level 9.1 Unarmed Combat
 + Level 8.4 Shapeshifting


You had 7 spell levels left.
You didn't know any spells.
Your spell library was empty.

Dungeon Overview and Level Annotations

Branches:
Dungeon (1/1)

Altars:
Cheibriados
Dithmenos
Elyvilon
Fedhas
Gozag
Hepliaklqana
Kikubaaqudgha
Makhleb
Nemelex Xobeh
Okawaru
Qazlal
Ru
Sif Muna
Trog
Uskayaw
Vehumet
Wu Jian
Xom
Yredelemnul
Zin
The Shining One
Jiyva
Lugonu


Innate Abilities, Weirdness & Mutations

You are something dangerously unstable.
You glow with magical radiation, making you easy to see and hit.
Foes you strike become dangerously contaminated with magical radiation.
You are incapable of wielding weapons or throwing items.
You cannot wear most types of armour.
You are amphibious.
You can wear up to eight rings at the same time.
Your skin changes colour to match your surroundings (Stealth+).
Your rubbery body absorbs attacks. (AC +1, EV +1)
((You are camouflaged when in or above water. (Stealth+)))
You have tentacles for arms and can constrict up to eight enemies at once.


Message History

You start waiting.
You recover from your berserk rage.
You see here an acid dragon corpse.
You begin transforming.
You continue transforming. x3
Your transformation has ended.
You turn into something dangerously unstable.
You open the door.
A centaur, a rime drake, a deep elf pyromancer, a boulder beetle and a purple ugly thing come into view.
The centaur shouts!
The deep elf pyromancer shouts!
Unknown command.
There is an open door here.
You strike the helpless purple ugly thing from behind!
You tentacle-slap the purple ugly thing.
The purple ugly thing begins to glow.
You grab the purple ugly thing. You squeeze the purple ugly thing.
The purple ugly thing is lightly wounded.
You constrict the purple ugly thing. The purple ugly thing claws you.
The deep elf pyromancer mumbles some strange words.
The deep elf pyromancer blinks!
You completely miss the purple ugly thing.
The purple ugly thing is lightly wounded.
You constrict the purple ugly thing, but do no damage.
The purple ugly thing claws you!
You tentacle-slap the purple ugly thing but do no damage.
The purple ugly thing glows dangerously bright.
The purple ugly thing is lightly wounded.
You constrict the purple ugly thing. The purple ugly thing claws you!!
You tentacle-slap the purple ugly thing.
The purple ugly thing shudders as magic cascades through it!!
The purple ugly thing basks in the mutagenic energy and changes!
The red ugly thing is heavily wounded.
You constrict the red ugly thing. You tentacle-slap the red ugly thing.
The red ugly thing begins to glow.
The red ugly thing is heavily wounded.
You constrict the red ugly thing.
The deep elf pyromancer gestures wildly while chanting.
The deep elf pyromancer blinks!
The red ugly thing kicks you!
* * * LOW HITPOINT WARNING * * *
You are engulfed in flames!!
You die... ▓▓▓▓▓▓▓▓▓▓▓▓▓▓▓▓▓▓▓▓▓▓▓▓ +ck{eBuB.....†)..[[[.).. ▓▓▓▓▓▓▓▓▓▓▓▓▓▓▓▓▓▓▓▓▓▓▓▓

You could see a boulder beetle, a red ugly thing (contam), a deep elf pyromancer, a rime drake and a centaur.

Vanquished Creatures
  A troll (D)
  2 yaks (D)
  2 acid dragons (D)
  A wight (D)
  A gnoll bouda (D)
  An iguana (D)
  2 adders (D)
  An ufetubus (D)
  A ball python (D)
  2 bats (D)
  A goblin (D)
  A hobgoblin (D)
16 creatures vanquished.

Notes
Turn   | Place    | Note
-------+----------+-------------------------------------------
     0 | D        | sircluck the Octopode Shapeshifter began the quest for the
                  | Orb.
     0 | D        | Reached XP level 1. HP: 13/13 MP: 1/1
    26 | D        | Noticed an iguana
    26 | D        | Noticed a gnoll bouda
    31 | D        | Reached XP level 2. HP: 18/20 MP: 2/2
    33 | D        | Reached skill level 4 in Unarmed Combat
    36 | D        | Reached XP level 3. HP: 18/26 MP: 3/3
    40 | D        | Reached skill level 5 in Unarmed Combat
    40 | D        | Reached XP level 4. HP: 10/33 MP: 4/4
    50 | D        | Found a snail-covered altar of Cheibriados.
    50 | D        | Found a shadowy altar of Dithmenos.
    50 | D        | Found a white marble altar of Elyvilon.
    50 | D        | Found a blossoming altar of Fedhas.
    50 | D        | Found an opulent altar of Gozag.
    51 | D        | Found a hazy altar of Hepliaklqana.
    52 | D        | Found a viscous altar of Jiyva.
    53 | D        | Found an ancient bone altar of Kikubaaqudgha.
    54 | D        | Found a corrupted altar of Lugonu.
    55 | D        | Found a burning altar of Makhleb.
    56 | D        | Found a sparkling altar of Nemelex Xobeh.
    57 | D        | Found an iron altar of Okawaru.
    58 | D        | Found a stormy altar of Qazlal.
    59 | D        | Found a sacrificial altar of Ru.
    60 | D        | Found a shimmering blue altar of Sif Muna.
    61 | D        | Found a bloodstained altar of Trog.
    62 | D        | Found a hide-covered altar of Uskayaw.
    63 | D        | Found a radiant altar of Vehumet.
    64 | D        | Found an ornate altar of the Wu Jian Council.
    65 | D        | Became a worshipper of Warmaster Okawaru
   167 | D        | Found a shimmering altar of Xom.
   168 | D        | Found a basalt altar of Yredelemnul.
   169 | D        | Found a glowing silver altar of Zin.
   170 | D        | Found a glowing golden altar of the Shining One.
   206 | D        | Noticed an acid dragon
   206 | D        | Noticed a yak
   206 | D        | Noticed a troll
   206 | D        | Noticed a yak
   206 | D        | Noticed an acid dragon
   211 | D        | Reached skill level 5 in Dodging
   211 | D        | Reached skill level 5 in Shapeshifting
   211 | D        | Reached XP level 5. HP: 38/38 MP: 5/5
   212 | D        | Killed an acid dragon
   213 | D        | Reached skill level 6 in Unarmed Combat
   213 | D        | Reached XP level 6. HP: 46/46 MP: 6/6
   214 | D        | Killed a yak
   214 | D        | Reached * piety under Okawaru
   215 | D        | Reached skill level 7 in Unarmed Combat
   217 | D        | Killed a troll
   217 | D        | Reached ** piety under Okawaru
   218 | D        | Reached skill level 8 in Unarmed Combat
   218 | D        | Reached XP level 7. HP: 54/54 MP: 7/7
   222 | D        | Killed a yak
   227 | D        | Reached skill level 9 in Unarmed Combat
   227 | D        | Reached XP level 8. HP: 62/62 MP: 8/8
   280 | D        | Noticed a rime drake
   280 | D        | Noticed a deep elf pyromancer
   280 | D        | Noticed a boulder beetle
   280 | D        | Noticed a purple ugly thing
   286 | D        | Mangled by a red ugly thing

Illustrated notes

Levels and vault maps discovered:
D:        linesprint [early_d, line_temple, items_1, d_10, items_2, lair_1,
          lair_end, items_3, orc_1, orc_end, items_4, d_15, swamp_1, shoals_1,
          snake_1, spider_1, d_20, vaults_1, items_5, swamp_end, shoals_end,
          snake_end, spider_end, vaults_end, d_27, items_6, zot_1, zot_end,
          crypt_end, forest_end, elf_end, slime_end, tomb_end, abyss_end,
          pan_hell_end]

Skill      XL: |  1  2  3  4  5  6  7 |
---------------+----------------------+-----
Fighting       | 2 3 4 6 7 8 |  8.6
Dodging        | 3 4 5 6 8 |  8.8
Unarmed Combat | 4 5 6 8 9 |  9.1
Shapeshifting  | 4 5 6 7 8 |  8.4

Action                     |  1- 3 |  4- 6 |  7- 9 || total
---------------------------+-------+-------+-------++-------
  Melee: Unarmed           |    23 |    14 |    13 ||    50
         Constrict         |     8 |     2 |     1 ||    11
         Tentacles         |     3 |     4 |     2 ||     9
         Punch             |     1 |       |     1 ||     2
    Use: Potion            |       |     1 |       ||     1
   Stab: Distracted        |       |       |     1 ||     1
 Armour: Skin              |    11 |     2 |     5 ||    18
  Dodge: Dodged            |    12 |     8 |     5 ||    25
   Form: Flux              |       |       |     1 ||     1

Table legend: (Time is in decaauts)
 A = Elapsed time spent in this place.
 B = Non-inter-level travel time spent in this place.
 C = Inter-level travel time spent in this place.
 D = Time resting spent in this place.
 E = Time spent auto-exploring this place.
 F = Levels seen in this place.
 G = Mean time per level.
                   A        B        C        D        E       F      G
               +--------+--------+--------+--------+--------+-----+--------+
         Total |    287 |    287 |      0 |    155 |      0 |   1 |  287.0 |
       Dungeon |    287 |    287 |      0 |    155 |      0 |   1 |  287.0 |
               +--------+--------+--------+--------+--------+-----+--------+

Top non-repeatable levels by time:
       D: 287 daAuts
